SA
HOGSMEADE CAULDRONS @ MT. VERNON BULLS
05/30/2025
 
TOP OF THE 1ST
Hogsmeade Cauldrons batting - Pitching for Mt. Vernon Bulls : RHP Adam Vaillancourt
Pitching: RHP Adam Vaillancourt
Batting: RHB Robinson Barquero 0-0: SINGLE (Groundball, 56D)
Batting: RHB Jorge Gómez 0-0: Called Strike
Robinson Barquero steals 2nd base
0-1: Ball
1-1: SINGLE (Line Drive, 3)
Robinson Barquero to third
Batting: LHB Ignacio Medine 0-0: Ball
1-0: Foul Ball, location: 2F
1-1: Foul Ball, location: 2F
1-2: Ball
2-2: Foul Ball, location: 2F
2-2: Ball
3-2: Base on Balls
Jorge Gómez to second
Batting: RHB Héctor Casas 0-0: Swinging Strike
0-1: Ball
1-1: Swinging Strike
1-2: Ball
2-2: Ball
3-2: Strikes out swinging
Batting: LHB Austin Hathaway 0-0: Called Strike
0-1: Fly out, F7 (Flyball, 7D)
Runner from 3rd tags up, SCORES, no throw
Batting: LHB Cris Gonzáles 0-0: Ball
1-0: Ball
2-0: Ball
3-0: Base on Balls
Jorge Gómez to third
Ignacio Medine to second
Batting: LHB Tyler Knopp 0-0: Ball
1-0: Ground out U3 (Groundball, 3L)
Top of the 1st over - 1 run(s), 2 hit(s), 0 error(s), 3 left on base; Hogsmeade 1 - Mt. Vernon 0
BOTTOM OF THE 1ST
Mt. Vernon Bulls batting - Pitching for Hogsmeade Cauldrons : RHP Javier Pérez
Pitching: RHP Javier Pérez
Batting: RHB Noël Sassetti 0-0: Fly out, F6 (Line Drive, 6M)
Batting: RHB George Zeek 0-0: Called Strike
0-1: Foul Ball, location: 2F
0-2: Ground out 5-3 (Groundball, 56)
Batting: LHB Dawit Lihalakha 0-0: Ball
1-0: Ball
2-0: Ball
3-0: Called Strike
3-1: Base on Balls
Batting: LHB Earl Wiley 0-0: Ball
1-0: Ball
2-0: Foul Ball, location: 2F
2-1: Ball
3-1: Base on Balls
Dawit Lihalakha to second
Batting: RHB Phil Dougherty 0-0: Ball
1-0: Called Strike
1-1: Ball
2-1: Fly out, F8 (Flyball, 8RM)
Bottom of the 1st over - 0 run(s), 0 hit(s), 0 error(s), 2 left on base; Hogsmeade 1 - Mt. Vernon 0
TOP OF THE 2ND
Hogsmeade Cauldrons batting - Pitching for Mt. Vernon Bulls : RHP Adam Vaillancourt
Batting: LHB Estefan Carrasco 0-0: Ball
1-0: Ball
2-0: Called Strike
2-1: Ball
3-1: Base on Balls
Batting: RHB Jorge Ramos 0-0: Foul Ball, location: 2F
0-1: Ball
1-1: Ball
2-1: Swinging Strike
2-2: SINGLE (Groundball, 4D)
Estefan Carrasco to second
Runner from 2nd tries for 3rd, SAFE, no throw
Batting: RHB Robinson Barquero 0-0: Fielders Choice at 2nd, 4-6 (Groundball, 4M)
Estefan Carrasco scores
Batting: RHB Jorge Gómez 0-0: Ball
1-0: Swinging Strike
1-1: Ball
2-1: Fly out, F9 (Flyball, 89M)
Batting: LHB Ignacio Medine 0-0: Foul Ball, location: 2F
0-1: Called Strike
0-2: Ball
1-2: Fly out, F5 (Line Drive, 5)
Top of the 2nd over - 1 run(s), 1 hit(s), 0 error(s), 1 left on base; Hogsmeade 2 - Mt. Vernon 0
BOTTOM OF THE 2ND
Mt. Vernon Bulls batting - Pitching for Hogsmeade Cauldrons : RHP Javier Pérez
Batting: RHB Rafael López 0-0: Fly out, F9 (Flyball, 9LS)
Batting: SHB Marvin Fitton 0-0: Ball
1-0: SINGLE (Line Drive, 8RS)
Batting: SHB José Macías 0-0: Called Strike
0-1: Ball
1-1: Ball
2-1: Ball
3-1: Foul Ball, location: 2F
3-2: Strikes out looking
Batting: RHB Manny Álvarez 0-0: Ball
1-0: Foul Ball, location: 2F
1-1: Ball
2-1: Fly out, F9 (Flyball, 89M)
Bottom of the 2nd over - 0 run(s), 1 hit(s), 0 error(s), 1 left on base; Hogsmeade 2 - Mt. Vernon 0
TOP OF THE 3RD
Hogsmeade Cauldrons batting - Pitching for Mt. Vernon Bulls : RHP Adam Vaillancourt
Batting: RHB Héctor Casas 0-0: Called Strike
0-1: Swinging Strike
0-2: Foul Ball, location: 2F
0-2: Ball
1-2: Strikes out swinging
Batting: LHB Austin Hathaway 0-0: Foul Ball, location: 2F
0-1: Ball
1-1: Swinging Strike
1-2: Foul Ball, location: 2F
1-2: Strikes out swinging
Batting: LHB Cris Gonzáles 0-0: Ball
1-0: Ball
2-0: Called Strike
2-1: Foul Ball, location: 2F
2-2: Foul Ball, location: 2F
2-2: Foul Ball, location: 2F
2-2: Ball
3-2: Ground out 4-3 (Groundball, 4M)
Top of the 3rd over - 0 run(s), 0 hit(s), 0 error(s), 0 left on base; Hogsmeade 2 - Mt. Vernon 0
BOTTOM OF THE 3RD
Mt. Vernon Bulls batting - Pitching for Hogsmeade Cauldrons : RHP Javier Pérez
Batting: RHB Noël Sassetti 0-0: Foul Ball, location: 2F
0-1: Called Strike
0-2: Foul Ball, location: 2F
0-2: Strikes out looking
Batting: RHB George Zeek 0-0: Swinging Strike
0-1: Ball
1-1: Ball
2-1: Foul Ball, location: 2F
2-2: Ground out 5-3 (Groundball, 56)
Batting: LHB Dawit Lihalakha 0-0: Ball
1-0: Ball
2-0: Called Strike
2-1: SINGLE (Groundball, 4S) (infield hit)
Batting: LHB Earl Wiley 0-0: Ball
1-0: Called Strike
1-1: Called Strike
1-2: Strikes out swinging
Bottom of the 3rd over - 0 run(s), 1 hit(s), 0 error(s), 1 left on base; Hogsmeade 2 - Mt. Vernon 0
TOP OF THE 4TH
Hogsmeade Cauldrons batting - Pitching for Mt. Vernon Bulls : RHP Adam Vaillancourt
Pitching: RHP António Gonsáles
Batting: LHB Tyler Knopp 0-0: Foul Ball, location: 2F
0-1: Called Strike
0-2: Ball
1-2: SINGLE (Line Drive, 78S)
Batting: LHB Estefan Carrasco 0-0: Swinging Strike
0-1: SINGLE (Line Drive, 4MD)
Tyler Knopp to second
Batting: RHB Jorge Ramos 0-0: Swinging Strike
0-1: Ball
1-1: DOUBLE (Line Drive, 7LM)
Tyler Knopp scores
Estefan Carrasco to third
Batting: RHB Robinson Barquero 0-0: Ball
1-0: Fly out, F9 (Flyball, 9)
Runner from 3rd tags up, SCORES, no throw
Batting: RHB Jorge Gómez 0-0: Ball
1-0: Ball
2-0: SINGLE (Line Drive, 56D)
Jorge Ramos to third
Runner from 3rd tries for Home, SAFE, no throw
Batting: LHB Ignacio Medine 0-0: Ball
1-0: Ball
Jorge Gómez is caught stealing 2nd base
2-0: Ball
3-0: Called Strike
3-1: Base on Balls
Batting: RHB Héctor Casas 0-0: Ball
1-0: Fly out, F8 (Flyball, 8LD)
Top of the 4th over - 3 run(s), 4 hit(s), 0 error(s), 1 left on base; Hogsmeade 5 - Mt. Vernon 0
BOTTOM OF THE 4TH
Mt. Vernon Bulls batting - Pitching for Hogsmeade Cauldrons : RHP Javier Pérez
Batting: RHB Phil Dougherty 0-0: Ball
1-0: Foul Ball, location: 2F
1-1: Foul Ball, location: 2F
1-2: Ball
2-2: Ground out 1-3 (Groundball, P)
Batting: RHB Rafael López 0-0: Ball
1-0: SINGLE (Line Drive, 6MD)
Batting: SHB Marvin Fitton 0-0: Called Strike
0-1: Foul Ball, location: 2F
0-2: SINGLE (Groundball, 4D)
Rafael López to second
Runner from 2nd tries for 3rd, SAFE, throw made to third
Batting: SHB José Macías 0-0: Called Strike
0-1: SINGLE (Line Drive, 89S)
Rafael López scores
Marvin Fitton to second
Runner from 2nd tries for 3rd, SAFE, no throw
Batting: RHB Manny Álvarez 0-0: Ball
1-0: Called Strike
1-1: Ball
2-1: Foul Ball, location: 2F
2-2: DOUBLE (Line Drive, 78D)
Marvin Fitton scores
José Macías to third
Runner from 3rd tries for Home, SAFE, no throw
Batting: RHB Noël Sassetti 0-0: Foul Ball, location: 2F
0-1: Ball
1-1: Fly out, F9 (Flyball, 9LM)
Batting: RHB George Zeek 0-0: Called Strike
0-1: Called Strike
0-2: Ball
1-2: Ground out 5-3 (Groundball, 56)
Bottom of the 4th over - 3 run(s), 4 hit(s), 0 error(s), 1 left on base; Hogsmeade 5 - Mt. Vernon 3
TOP OF THE 5TH
Hogsmeade Cauldrons batting - Pitching for Mt. Vernon Bulls : RHP António Gonsáles
Batting: LHB Austin Hathaway 0-0: Foul Ball, location: 2F
0-1: Ball
1-1: Called Strike
1-2: Strikes out swinging
Batting: LHB Cris Gonzáles 0-0: Ball
1-0: Ball
2-0: Ball
3-0: Base on Balls
Batting: LHB Tyler Knopp 0-0: Called Strike
Cris Gonzáles steals 2nd base
0-1: SINGLE (Groundball, 34D)
Cris Gonzáles to third
Runner from 3rd tries for Home, SAFE, throw made home
Pitching: LHP Juan Fuentes
Batting: LHB Estefan Carrasco 0-0: Foul Ball, location: 2F
0-1: Ball
1-1: Ball
2-1: Grounds into double play, 4-6-3 (Groundball, 34)
Top of the 5th over - 1 run(s), 1 hit(s), 0 error(s), 0 left on base; Hogsmeade 6 - Mt. Vernon 3
BOTTOM OF THE 5TH
Mt. Vernon Bulls batting - Pitching for Hogsmeade Cauldrons : RHP Javier Pérez
Batting: LHB Dawit Lihalakha 0-0: Ball
1-0: Foul Ball, location: 2F
1-1: Ball
2-1: Ball
3-1: Base on Balls
Batting: LHB Earl Wiley 0-0: Reached on error, E5 (Groundball, 56)
Dawit Lihalakha to second
Batting: RHB Phil Dougherty 0-0: Ball
1-0: Called Strike
1-1: Fly out, F7 (Flyball, 7S)
Batting: RHB Rafael López 0-0: Foul Ball, location: 2F
0-1: Ball
1-1: Ball
2-1: Called Strike
2-2: Strikes out swinging
Batting: SHB Marvin Fitton 0-0: Called Strike
0-1: Foul Ball, location: 2F
0-2: Ball
1-2: Foul Ball, location: 2F
1-2: Strikes out swinging
Bottom of the 5th over - 0 run(s), 0 hit(s), 1 error(s), 2 left on base; Hogsmeade 6 - Mt. Vernon 3
TOP OF THE 6TH
Hogsmeade Cauldrons batting - Pitching for Mt. Vernon Bulls : LHP Juan Fuentes
Batting: RHB Jorge Ramos 0-0: Foul Ball, location: 2F
0-1: Foul Ball, location: 2F
0-2: Ball
1-2: DOUBLE (Line Drive, 9LM)
Batting: RHB Robinson Barquero 0-0: Ball
1-0: Ball
2-0: Ground out 5-3 (Groundball, 5)
Batting: RHB Jorge Gómez 0-0: Ball
1-0: DOUBLE (Line Drive, 9LS)
Jorge Ramos scores
Batting: LHB Ignacio Medine 0-0: Foul Ball, location: 2F
0-1: Fly out, F8 (Flyball, 8RXD)
Runner from 2nd tags up, SAFE at 3rd, no throw
Batting: RHB Héctor Casas 0-0: Intentional Walk
Batting: LHB Austin Hathaway 0-0: Ball
1-0: Fly out, F7 (Flyball, 7S)
Top of the 6th over - 1 run(s), 2 hit(s), 0 error(s), 2 left on base; Hogsmeade 7 - Mt. Vernon 3
BOTTOM OF THE 6TH
Mt. Vernon Bulls batting - Pitching for Hogsmeade Cauldrons : RHP Javier Pérez
Batting: SHB José Macías 0-0: Ball
1-0: Ball
2-0: Ball
3-0: Called Strike
3-1: Swinging Strike
3-2: Base on Balls
Batting: RHB Manny Álvarez 0-0: Ball
José Macías is caught stealing 2nd base
1-0: Ball
2-0: Called Strike
2-1: Ground out 5-3 (Groundball, 56S)
Batting: RHB Noël Sassetti 0-0: Ball
1-0: Fly out, F5 (Popup, 56S)
Bottom of the 6th over - 0 run(s), 0 hit(s), 0 error(s), 0 left on base; Hogsmeade 7 - Mt. Vernon 3
TOP OF THE 7TH
Hogsmeade Cauldrons batting - Pitching for Mt. Vernon Bulls : LHP Juan Fuentes
Batting: LHB Cris Gonzáles 0-0: Called Strike
0-1: Swinging Strike
0-2: Foul Ball, location: 2F
0-2: Ball
1-2: SINGLE (Groundball, 4MD)
Batting: LHB Tyler Knopp 0-0: Ball
1-0: Bunt missed!
1-1: Foul Ball, location: 2F
1-2: Strikes out swinging
Batting: LHB Estefan Carrasco 0-0: Ball
1-0: Fly out, F5 (Popup, 5S)
Batting: RHB Jorge Ramos 0-0: Ball
1-0: SINGLE (Line Drive, 56D)
Cris Gonzáles to second
Batting: RHB Robinson Barquero 0-0: Ball
1-0: DOUBLE (Line Drive, 89M)
Cris Gonzáles scores
Jorge Ramos to third
Batting: RHB Jorge Gómez 0-0: SINGLE (Line Drive, 6MD)
Jorge Ramos scores
Robinson Barquero to third
Runner from 3rd tries for Home, throw and OUT!
Top of the 7th over - 2 run(s), 4 hit(s), 0 error(s), 1 left on base; Hogsmeade 9 - Mt. Vernon 3
BOTTOM OF THE 7TH
Mt. Vernon Bulls batting - Pitching for Hogsmeade Cauldrons : RHP Javier Pérez
Batting: RHB George Zeek 0-0: Called Strike
0-1: Ball
1-1: Ball
2-1: Swinging Strike
2-2: Strikes out swinging
Batting: LHB Dawit Lihalakha 0-0: DOUBLE (Line Drive, 78M)
Pitching: RHP Darryl Bachman
Batting: LHB Earl Wiley 0-0: Ball
1-0: Called Strike
1-1: Fly out, F8 (Flyball, 8RM)
Batting: RHB Phil Dougherty 0-0: Ball
1-0: Called Strike
1-1: Foul Ball, location: 2F
1-2: Ball
2-2: Strikes out looking
Bottom of the 7th over - 0 run(s), 1 hit(s), 0 error(s), 1 left on base; Hogsmeade 9 - Mt. Vernon 3
TOP OF THE 8TH
Hogsmeade Cauldrons batting - Pitching for Mt. Vernon Bulls : LHP Juan Fuentes
Batting: LHB Ignacio Medine 0-0: Ball
1-0: Ball
2-0: Ball
3-0: Called Strike
3-1: SINGLE (Groundball, 3) (infield hit)
Batting: RHB Héctor Casas 0-0: Called Strike
0-1: Ball
1-1: Grounds into double play, 6-4-3 (Groundball, 6M)
Batting: LHB Austin Hathaway 0-0: Ground out 3-1 (Groundball, 34)
Top of the 8th over - 0 run(s), 1 hit(s), 0 error(s), 0 left on base; Hogsmeade 9 - Mt. Vernon 3
BOTTOM OF THE 8TH
Mt. Vernon Bulls batting - Pitching for Hogsmeade Cauldrons : RHP Darryl Bachman
Batting: RHB Rafael López 0-0: Ground out 3-1 (Groundball, 34S)
Batting: SHB Marvin Fitton 0-0: Ball
1-0: Fly out, F7 (Flyball, 7S)
Batting: SHB José Macías 0-0: Called Strike
0-1: Called Strike
0-2: Foul Ball, location: 2F
0-2: Ball
1-2: Fly out, F8 (Flyball, 8LM)
Bottom of the 8th over - 0 run(s), 0 hit(s), 0 error(s), 0 left on base; Hogsmeade 9 - Mt. Vernon 3
TOP OF THE 9TH
Hogsmeade Cauldrons batting - Pitching for Mt. Vernon Bulls : LHP Juan Fuentes
Batting: LHB Cris Gonzáles 0-0: Ball
1-0: Ground out 6-3 (Groundball, 56D)
Batting: LHB Tyler Knopp 0-0: Ball
1-0: Ball
2-0: Foul Ball, location: 2F
2-1: Ball
3-1: Base on Balls
Batting: LHB Estefan Carrasco 0-0: Ball
1-0: Fielders Choice at 2nd, 4-6 (Groundball, 34)
Batting: RHB Jorge Ramos 0-0: Ball
1-0: Ball
2-0: Ball
3-0: Called Strike
3-1: SINGLE (Flyball, 7LS)
Estefan Carrasco to second
Batting: RHB Robinson Barquero 0-0: DOUBLE (Line Drive, 78D)
Estefan Carrasco scores
Jorge Ramos to third
Pitching: LHP Stephen Marchbanks
Batting: RHB Jorge Gómez 0-0: Ground out 1-3 (Groundball, 15S)
Top of the 9th over - 1 run(s), 2 hit(s), 0 error(s), 2 left on base; Hogsmeade 10 - Mt. Vernon 3
BOTTOM OF THE 9TH
Mt. Vernon Bulls batting - Pitching for Hogsmeade Cauldrons : RHP Darryl Bachman
Batting: RHB Manny Álvarez 0-0: Fly out, F9 (Flyball, 9LM)
Batting: RHB Noël Sassetti 0-0: Ball
1-0: Ball
2-0: Foul Ball, location: 2F
2-1: Foul Ball, location: 2F
2-2: Ground out 5-3 (Groundball, 56)
Pinch Hitting: RHB Jim Unknown 0-0: Foul Ball, location: 2F
0-1: Ball
1-1: Ground out 5-3 (Groundball, 56S)
Bottom of the 9th over - 0 run(s), 0 hit(s), 0 error(s), 0 left on base; Hogsmeade 10 - Mt. Vernon 3
Friday, December 30th, 2016 - OOTP Baseball 17.12 Build 75